 Dungeon Crawl Stone Soup version 0.22.1-1-ga44c0e56f4 (webtiles) character file.

9 Inquisition the Vexing (level 2, -1/23 HPs)
             Began as a Centaur Arcane Marksman on Sept 30, 2018.
             Killed from afar by Natasha (8 damage)
             ... with a magic dart
             ... on level 1 of the Dungeon.
             The game lasted 00:11:12 (650 turns).

Inquisition the Vexing (Centaur Arcane Marksman)     Turns: 650, Time: 00:11:13

Health: -1/23      AC:  5    Str: 12    XL:     2   Next: 6%
Magic:  3/3        EV: 10    Int: 12    God:
Gold:   45         SH:  0    Dex:  9    Spells: 0/3 levels left

rFire    . . .     SeeInvis .   a - +0 hunting sling
rCold    . . .     Gourm    .   (no shield)
rNeg     . . .     Faith    .   e - +0 robe
rPois    .         Spirit   .   k - +1 hat
rElec    .         Reflect  .   (no cloak)
rCorr    .         Harm     .   (no gloves)
MR       .....                  (no barding)
Stlth    +.........             (no amulet)
HPRegen  0.07/turn              (no ring)
MPRegen  0.08/turn              (no ring)

@: very quick
A: large, hooves 3, deformed body, speed 2, tough skin 3
a: no special abilities


You were on level 1 of the Dungeon.
You were not hungry.

You visited 1 branch of the dungeon, and saw 2 of its levels.

You collected 45 gold pieces.

Inventory:

Hand Weapons
 a - a +0 hunting sling (weapon)
 c - a +0 dagger
 i - a cursed -3 whip
 p - a +0 club
Missiles
 b - 4 poisoned needles
 d - 14 sling bullets (quivered)
 h - 30 stones
Armour
 e - a +0 robe (worn)
 k - a +1 hat (worn)
Scrolls
 j - 2 scrolls of remove curse
Potions
 l - a potion of degeneration {unknown}
 o - a potion of curing
Comestibles
 f - 4 rations
 g - 5 chunks of flesh


   Skills:
 + Level 1.0 Fighting
 + Level 2.4 Slings
 + Level 1.5 Dodging
 + Level 1.0 Spellcasting
 + Level 3.0 Hexes


You couldn't memorise any spells.
You knew the following spells:

 Your Spells              Type           Power        Failure   Level  Hunger
a - Corona                Hex            #......      9%          1    ##.....
b - Slow                  Hex            #.......     13%         2    ###....

Your spell library contained the following spells:

 Spells                   Type           Power        Failure   Level  Hunger
 Inner Flame              Hex/Fire       #.......     43%         3    ####...
 Portal Projectile        Hex/Tloc       #.....       43%         3    ####...
 Cause Fear               Hex            #.........   65%         4    #####..
 Leda's Liquefaction      Hex/Erth       #.........   85%         4    #####..


Dungeon Overview and Level Annotations

Branches:
Dungeon (2/15)

Altars:

Annotations:
D:1 Natasha
D:2 Sigmund


Innate Abilities, Weirdness & Mutations

You have hooves in place of feet.
Armour fits poorly on your strangely shaped body.
You cover ground very quickly.
You have extremely tough skin. (AC +3)


Message History

Found 10 gold pieces.
A bat comes into view.
An adder comes into view.
A kobold comes into view.
The bat moves out of view.
The adder hisses angrily.
Found 9 gold pieces.
The adder bites you.
Natasha mumbles some strange words.
The adder closely misses you.
A kobold comes into view. It is wielding a dagger of pain.
There is a stone staircase leading up here.
You can't go down here!
The adder barely misses you. x2; Natasha closely misses you.
Sigmund hits you but does no damage.
You climb upwards.
The iron imp disappears in a puff of smoke!
There is a stone staircase leading down here.
The adder bites you but does no damage. Natasha casts a spell at you.
The magic dart hits you!
You die...

## ##...##.##.##.###...##
.######..#.##.....####..## ...#
##÷#....##...###...#
##.#####.####..##..##..######
.......................÷....#####
.#.......#####.......######......
.#######.####....#...# #####.#
..# ####.......#Sh...# #..# #.#
#.....#.....@S..># #.## #.#
#.#######...#....## ##.# #.###.#
###..##....# #..# ......#
#.....#....#### #.## .....###
#.###.#.......# #.#
..##...#####.# #.###.##### #.#
#.###......#.# #.###.## ##.#
#...##..##.#.# #..##..# #..#
###......#...####.....# #.##


You could see Natasha and 2 adders.

Vanquished Creatures
  A goblin (D:1)
  A hobgoblin (D:1)
  A ball python (D:1)
  3 bats (D:1)
  A frilled lizard (D:1)
  2 kobolds (D:1)
  2 rats (D:1)
11 creatures vanquished.

Notes
Turn   | Place    | Note
-------+----------+-------------------------------------------
     0 | D:1      | Inquisition the Centaur Arcane Marksman began the quest for
                  | the Orb.
     0 | D:1      | Reached XP level 1. HP: 16/16 MP: 2/2
   444 | D:1      | Reached XP level 2. HP: 21/23 MP: 1/3
   467 | D:1      | Reached skill level 3 in Hexes
   574 | D:1      | Learned a level 2 spell: Slow
   607 | D:2      | Found a faded altar of an unknown god.
   614 | D:2      | Noticed Natasha
   617 | D:2      | Noticed a crimson imp
   642 | D:2      | Noticed Sigmund
   650 | D:1      | Killed from afar by Natasha

Skill      XL: |  1  2 |
---------------+-------+-----
Hexes          | 3 |  3.0
Fighting       | |  1.0
Slings         | |  2.4
Dodging        | |  1.5
Spellcasting   | |  1.0

Action                   || total
-------------------------++-------
 Fire: Hunting sling     ||    35
 Cast: Corona            ||     9
  Use: Scroll            ||     4
Armor: Robe              ||     9
Dodge: Dodged            ||    19
